 Dungeon Crawl Stone Soup version 0.31.0-11-ge490571c62 (webtiles) character file.

Game seed: 8901833353554681458

417 Arctor the Shooter (level 7, 0/67 HPs)
             Began as a Kobold Hexslinger on Jan 29, 2024.
             Slain by an orc wizard
             ... wielding a +0 club
              (2 damage)
             ... on level 4 of the Dungeon.
             The game lasted 00:03:52 (4041 turns).

Arctor the Shooter (Kobold Hexslinger)              Turns: 4041, Time: 00:03:53

Health: 0/67       AC:  2    Str:  3      XL:     7   Next: 15%
Magic:  11/11      EV: 17    Int: 16 (18) God:
Gold:   123        SH:  0    Dex: 21 (22) Spells: 7/11 levels left

rFire   . . .        e - +2 dagger (flame)
rCold   . . .        (no shield)
rNeg    . . .        c - +0 robe
rPois   .            (no helmet)
rElec   .            (no cloak)
rCorr   .            (no gloves)
SInv    .            (no boots)
Will    .....        l - amulet of faith Stlth
                     (no ring)
HPRegen 0.31/turn    (no ring)
MPRegen 0.12/turn

%: faith
@: berserking, very quick
A: small, no large weapons, nightstalker 3, agile 1, clever 1, robust 1
a: no special abilities


You were on level 4 of the Dungeon.
You visited 1 branch of the dungeon, and saw 4 of its levels.
You also visited: Sewer.

You collected 123 gold pieces.

Inventory:

Hand Weapons
 a - a +1 sling
 e - a +2 dagger of flaming (weapon)
 p - a +2 antimagic dagger
Armour
 c - a +0 robe (worn)
Jewellery
 l - an amulet of faith (around neck)
Talismans
 i - a blade talisman
Wands
 n - a wand of flame (10)
Scrolls
 b - a scroll of poison
 g - 3 scrolls of teleportation
 j - a scroll of enchant armour
 m - a scroll of fog
Potions
 d - 2 potions of degeneration
 k - a potion of resistance
 s - 5 potions of heal wounds {unknown}


   Skills:
 + Level 3.1 Fighting
 + Level 4.3 Ranged Weapons
 + Level 4.3 Dodging
 + Level 2.9 Spellcasting
 + Level 4.0 Hexes
 + Level 2.7 Fire Magic


You had 7 spell levels left.
You knew the following spells:

 Your Spells              Type           Power      Damage    Failure   Level
a - Jinxbite              Hex            30%        N/A       5%          2
b - Blink                 Tloc           4%         N/A       28%         2

Your spell library contained the following spells:

 Spells                   Type           Power      Damage    Failure   Level
 Sigil of Binding         Hex            15%        N/A       11%         3
 Inner Flame              Hex/Fire       13%        N/A       14%         3
 Apportation              Tloc           4%         N/A       19%         1
 Magic Dart               Conj           8%         1d3       19%         1
 Necrotise                Necr           8%         1d4       19%         1
 Sting                    Conj/Alch      8%         1d3       19%         1
 Summon Small Mammal      Summ           8%         N/A       19%         1
 Call Imp                 Summ           4%         N/A       28%         2
 Cause Fear               Hex            7%         N/A       34%         4
 Dimensional Bullseye     Hex/Tloc       4%         N/A       63%         4


Dungeon Overview and Level Annotations

Branches:
Dungeon (4/15)              Sewer (visited)
 Temple: D:4-7

Altars:
Yredelemnul


Innate Abilities, Weirdness & Mutations

You are small and have problems with some larger weapons.
You are completely attuned to the shadows.
You are agile. (Dex +4, Str/Int -1)
Your mind is acute. (Int +4, Str/Dex -1)
You are robust. (+10% HP)


Message History

Unknown command.
You hit something. You burn something. Something hits you.
The orc hits you with a +0 hand axe.
* * * LOW HITPOINT WARNING * * *
Something hits you.
* * * LOW HITPOINT WARNING * * *
The orc closely misses you. The orc barely misses you.
The orc attacks as it pursues you! The orc barely misses you.
You hit the orc. You burn the orc.
You kill the orc!
Unknown command.
Casting: Jinxbite (safe; 5% risk of failure)
Confirm with . or Enter, or press ? or * to list all spells.
You beckon more vexing sprites to accompany your attacks.
You feel your willpower being sapped.
You barely miss something. Something hits you.
* * * LOW HITPOINT WARNING * * *
It was a potion of cancellation.
Your magical effects are unravelling.
You feel magically purged.
You feel your willpower return.
The jinxing sprites lose interest in you.
Something hits you.
* * * LOW HITPOINT WARNING * * *
You hear some strange, mumbled words.
It was a potion of magic.
Magic courses through your body. Something hits you.
* * * LOW HITPOINT WARNING * * *
It was a potion of berserk rage.
A red film seems to cover your vision as you go berserk!
You feel yourself moving faster!
You feel mighty! Something hits you.
* * * LOW HITPOINT WARNING * * *
You are too berserk!
Unknown command.
You closely miss something. You hit something. You burn something.
Reactivating autopickup.
You feel a bit more experienced.
Deactivating autopickup; reactivate with Ctrl-A.
You miss something. Something hits you.
You die...

###.......#..............#
.........................#
.........................#
.........................#
.........................#
.........................#
.........................#
........................##
.....#........#@........#
..............{#.......†#
............!.o##......##
................###..###
................# ####
....##...........#
#####............#
##.....###.... ###...####


You could see an orc.

Vanquished Creatures
  A kobold brigand (Sewer)
  An orc priest (D:3)
  A hound (D:4)
  Jessica (D:2)
  An orc wizard (D:4)
  9 adders
  6 river rats (Sewer)
  2 dart slugs
  5 ribbon worms
  5 orcs
  4 endoplasms
  A giant cockroach (D:3)
  4 goblins
  3 hobgoblins
  7 jackals
  19 kobolds
  A quokka (D:1)
  4 ball pythons
  6 bats
  5 frilled lizards
  24 rats
  A butterfly (D:1)
111 creatures vanquished.

Notes
Turn   | Place    | Note
-------+----------+-------------------------------------------
     0 | D:1      | Arctor the Kobold Hexslinger began the quest for the Orb.
     0 | D:1      | Reached XP level 1. HP: 12/12 MP: 2/2
   551 | D:1      | Reached XP level 2. HP: 16/16 MP: 3/3
  1273 | D:2      | Reached XP level 3. HP: 7/20 MP: 5/5
  1440 | D:2      | Found a basalt altar of Yredelemnul.
  1616 | D:2      | Reached XP level 4. HP: 26/26 MP: 6/6
  1845 | D:2      | Noticed Jessica
  1847 | D:2      | Killed Jessica
  2029 | D:2      | Learned a level 2 spell: Jinxbite
  2112 | D:3      | Found a faded altar of an unknown god.
  2244 | D:3      | Reached XP level 5. HP: 30/30 MP: 8/8
  2268 | D:3      | Found a glowing drain.
  2274 | Sewer    | Entered a sewer
  2535 | Sewer    | Gained mutation: You are robust. (+10% HP) [potion of
                  | mutation]
  2535 | Sewer    | Gained mutation: Your mind is acute. (Int +4, Str/Dex -1)
                  | [potion of mutation]
  2535 | Sewer    | Gained mutation: You are agile. (Dex +4, Str/Int -1)
                  | [potion of mutation]
  2572 | Sewer    | Reached XP level 6. HP: 10/39 MP: 7/9
  3878 | D:4      | Learned a level 2 spell: Blink
  4001 | D:4      | Reached XP level 7. HP: 42/45 MP: 11/11
  4037 | D:4      | HP: 2/45 [something (3)]
  4041 | D:4      | Slain by an orc wizard

Illustrated notes

Levels and vault maps discovered:
D:1:      spicycebolla_arrival_clurvy, layout_basic
D:2:      layout_loops_ring, basic_altar, serial_glass, glass_columns_b,
          glass_columns_a, glass_columns_c, glass_columns_a, uniq_jessica
D:3:      layout_loops_ring, cheibrodos_sewer_entry_sluice,
          basic_ecumenical_altar
D:4:      layout_cave_pods, mainiacjoe_overflow_small_starburst,
          minmay_goblin_outpost

Skill      XL: |  1  2  3  4  5  6 |
---------------+-------------------+-----
Ranged Weapons | 3 4 |  4.3
Dodging        | 3 4 |  4.3
Fighting       | 2 3 |  3.1
Spellcasting   | 2 |  2.9
Fire Magic     | 2 |  2.7
Hexes          | 4 |  4.0

Action                     |  1- 3 |  4- 6 |  7- 9 || total
---------------------------+-------+-------+-------++-------
  Melee: Dagger            |       |    77 |    12 ||    89
   Fire: Sling             |    65 |   158 |       ||   223
   Cast: Jinxbite          |       |    11 |     2 ||    13
    Use: Potion            |       |     6 |     3 ||     9
         Scroll            |       |     7 |       ||     7
   Stab: Sleeping          |       |     3 |       ||     3
         Distracted        |       |     1 |       ||     1
 Armour: Robe              |    15 |    92 |    20 ||   127
  Dodge: Dodged            |    28 |   203 |    13 ||   244
